 Dungeon Crawl Stone Soup version 0.28.0 (webtiles) character file.

Game seed: 4293506300342970163

2506 freelancePsychic the Fighter (level 9, 0/73 HPs)
             Began as a Ghoul Delver on Feb 6, 2022.
             Was a Priest of Hepliaklqana.
             Slain by a spriggan (11 damage)
             ... in a bailey.
             The game lasted 00:12:39 (5838 turns).

freelancePsychic the Fighter (Ghoul Delver)         Turns: 5838, Time: 00:12:39

Health: 0/73       AC:  8    Str: 16    XL:     9   Next: 53%
Magic:  8/8        EV:  8    Int:  5    God:    Hepliaklqana [***...]
Gold:   343        SH: 15    Dex: 14    Spells: 8/8 levels left

rFire   . . .      SeeInvis +     - Unarmed
rCold   + . .      Faith    .   u - +1 tower shield
rNeg    + + +      Spirit   .   n - +3 leather armour of the Wumpus {+Inv Slay+2 SInv Stlth-}
rPois   ∞          Reflect  .   (no helmet)
rElec   .          Harm     .   r - +0 cloak
rCorr   .          Rampage  .   (no gloves)
Will    .....                   t - +0 pair of boots
Stlth   ++........              (no amulet)
HPRegen 0.00/turn               (no ring)
MPRegen 0.11/turn               (no ring)

@: about to teleport, inhibited regen
A: reduced essence, claws 1, cold resistance 1, negative energy resistance 3,
inhibited regeneration, torment resistance 2
a: Renounce Religion, Evoke Invisibility, Recall Ancestor, Ancestor Identity,
Transference


You were in a bailey.
You worshipped Hepliaklqana.
Hepliaklqana was most pleased with you.
You visited 1 branch of the dungeon, and saw 8 of its levels.
You also visited: Bailey.

You collected 343 gold pieces.

Inventory:

Missiles
 j - 4 poisoned darts (quivered)
 k - 6 boomerangs
Armour
 n - the +3 leather armour of the Wumpus (worn) {+Inv Slay+2 SInv Stlth-}
   (You found it on level 2 of the Dungeon)

   Slay:      It affects your accuracy & damage with ranged weapons and melee
   (+2).
   SInv:      It lets you see invisible.
   +Inv:      It lets you turn invisible.
   Stlth:     It makes you less stealthy.
 q - a +0 buckler
 r - a +0 cloak (worn)
 t - a +0 pair of boots (worn)
 u - a +1 tower shield (worn)
Wands
 a - a wand of acid (8)
 f - a wand of digging (7)
 o - a wand of flame (29)
Scrolls
 b - 3 scrolls of fog
 c - a scroll of magic mapping
 d - a scroll of amnesia
 e - a scroll of brand weapon {unknown}
 i - a scroll of holy word {unknown}
 l - a scroll of teleportation {@r4}
 x - a scroll of noise
Potions
 g - 2 potions of brilliance {unknown}
 h - 3 potions of lignification {unknown}
 m - 2 potions of curing {@q1}
 p - 2 potions of heal wounds {unknown}
 s - a potion of flight {unknown}
 v - a potion of magic {unknown}


   Skills:
 + Level 8.8 Fighting
 - Level 2.0 Throwing
 - Level 1.7 Dodging
 - Level 5.5 Stealth
 + Level 5.8 Shields
 + Level 8.4 Unarmed Combat


You had 8 spell levels left.
You didn't know any spells.
Your spell library contained the following spells:

 Spells                   Type           Power      Damage    Failure   Level
 Ensorcelled Hibernation  Hex/Ice        0%         N/A       100%        2
 Passwall                 Tmut/Erth      0%         N/A       100%        2
 Swiftness                Air            0%         N/A       100%        3


Dungeon Overview and Level Annotations

Branches:
Dungeon (8/15)             Temple (0/1) D:6          Bailey (1/1)
   Lair: D:8-11

Altars:
Cheibriados
Dithmenos
Gozag
Hepliaklqana
Qazlal

Annotations:
D:4 2 transporters, danielguo94's ghost, novice GrFi
D:5 2 runed translucent doors, Darakai's ghost, novice OpVM


Innate Abilities, Weirdness & Mutations

Your life essence is reduced to manifest your ancestor. (-10% HP)
You thrive by killing the living.
You are immune to poison.
You have sharp fingernails.
Your flesh is cold resistant. (rC+)
You are immune to negative energy. (rN+++)
You do not regenerate when monsters are visible.
You are immune to unholy pain and torment.


Message History

The spriggan hits you with a +0 spear. The ogre barely misses you.
You closely miss the spriggan.
The spriggan is heavily wounded.
The spriggan hits you with a +0 spear. You block the ogre's attack.
The spriggan hits you with a +0 spear!
* * * LOW HITPOINT WARNING * * *
You block the spriggan's attack. You block the spriggan's attack.
The ogre hits you from afar with a +0 halberd!
* * * LOW HITPOINT WARNING * * *
You block the spriggan's attack.
You see here a +0 glaive.
A spriggan comes into view. It is wielding a +0 spear.
You block the spriggan's attack.
As you read the scroll of teleportation {@r4}, it crumbles to dust.
You feel strangely unstable. You block the spriggan's attack.
You see here a poisoned dart.
Your surroundings suddenly seem different.
A spriggan comes into view. It is wielding a +0 spear.
The spriggan shouts!
The spriggan closely misses you.
You scratch the spriggan.
The spriggan is moderately wounded.
Ghoul La La emerges from the mists of memory!
The spriggan hits you with a +0 spear.
* * * LOW HITPOINT WARNING * * *
An ogre comes into view. It is wielding a +0 halberd.
You swap places.
A spriggan comes into view. It is wielding a +0 trident.
A spriggan comes into view.
It is wielding the +7 flail "Ghoul's Regret" {freeze, +Blink rPois rC+ Dex-5}.
You block the spriggan's attack.
Ghoul La La hits the spriggan with a +0 quarterstaff.
Unknown command.
Unknown command.
It was a potion of curing.
You feel better. The spriggan closely misses you.
Ghoul La La hits the spriggan with a +0 quarterstaff!
As you read the scroll of teleportation {@r4}, it crumbles to dust.
You feel strangely unstable.
The spriggan hits you from afar with a +0 spear!
You die...

#.( ##..###.... #...
#..)≈≈..∩. # ≈#
#..≈≈≈.... ≈
#..≈≈≈)... ♣.
#..≈≈).... #.♣
..#..≈≈≈..∩.
#..♣♣#♣♣..♣#..###....
#iR.....##..## #....
#♣.@.Oi#♣..# ##...
##♣###♣..# ##.# ..#
###


You could see the friendly Ghoul La La the battlemage, an ogre and 2 spriggans.

Vanquished Creatures
  A spriggan (Bailey)
  2 water moccasins
  A hornet zombie (D:6)
  An ogre (Bailey)
  A centaur (D:6)
  2 phantoms
  A scorpion (D:6)
  2 killer bees (D:8)
  A howler monkey (D:4)
  A bullfrog zombie (D:6)
  2 hounds
  A jelly (D:6)
  Jessica (D:2)
  4 adders
  5 gnolls
  2 adder skeletons (D:4)
  A worm (D:4)
  2 dart slugs (D:1)
  9 orcs
  10 ball pythons
  5 endoplasms
  3 giant cockroaches
  3 hobgoblins
  A jackal (D:3)
  2 quokkas
  4 bats
  7 frilled lizards
  7 goblins
  6 kobolds
  4 rats
92 creatures vanquished.

Vanquished Creatures (collateral kills)
  Sigmund (D:5)
  A spriggan (Bailey)
  A steam dragon (D:7)
  An ice beast (D:8)
  3 ogres
  A scorpion (D:3)
  A killer bee (D:8)
  An orc priest (D:5)
  A hound (D:6)
  A centaur skeleton (D:6)
  2 gnoll shamans
  A jelly (D:6)
  An iguana (D:7)
  2 orc wizards (D:6)
  8 gnolls
  2 adders (D:5)
  A dart slug (D:4)
  4 orcs
  2 ball pythons
  An endoplasm (D:4)
  A giant cockroach (D:4)
  3 goblins
  A jackal (D:3)
  2 quokkas
  A bat (D:3)
44 creatures vanquished.

Vanquished Creatures (others)
  3 battlemagi
  An ancestor (D:3)
4 creatures vanquished.

Grand Total: 140 creatures vanquished

Notes
Turn   | Place    | Note
-------+----------+-------------------------------------------
     0 | D:5      | freelancePsychic the Ghoul Delver began the quest for the
                  | Orb.
     0 | D:5      | Reached XP level 1. HP: 19/19 MP: 0/0
   140 | D:4      | Found a hazy altar of Hepliaklqana.
   149 | D:4      | Became a worshipper of Hepliaklqana the Forgotten
   191 | D:4      | Reached XP level 2. HP: 26/26 MP: 1/1
   214 | D:4      | Found a transporter.
   218 | D:4      | Noticed danielguo94's ghost (novice GrFi)
   219 | D:4      | Found a transporter.
   270 | D:4      | Noticed an ogre
   458 | D:3      | Reached XP level 3. HP: 27/33 MP: 2/2
   559 | D:3      | Reached * piety under Hepliaklqana
  1188 | D:2      | Reached XP level 4. HP: 35/36 MP: 3/3
  1195 | D:2      | Identified the +3 leather armour of the Wumpus {+Inv Slay+2
                  | SInv Stlth-}
  1312 | D:2      | Noticed Jessica
  1316 | D:2      | Killed Jessica
  1760 | D:1      | Reached XP level 5. HP: 39/42 MP: 4/4
  2015 | D:1      | Found a faded altar of an unknown god.
  2630 | D:3      | Reached ** piety under Hepliaklqana
  2631 | D:3      | Remembered your ancestor Ghoul La La as a battlemage
  2633 | D:3      | Found a shadowy altar of Dithmenos.
  2755 | D:3      | Reached skill level 5 in Fighting
  2755 | D:3      | Reached skill level 1 in Shields
  2884 | D:3      | Found a snail-covered altar of Cheibriados.
  2885 | D:3      | Noticed a water moccasin
  2895 | D:3      | Killed a water moccasin
  2896 | D:3      | Reached XP level 6. HP: 41/50 MP: 5/5
  2995 | D:3      | Reached skill level 5 in Unarmed Combat
  3353 | D:4      | Reached XP level 7. HP: 56/56 MP: 6/6
  4010 | D:5      | Reached skill level 1 in Throwing
  4325 | D:5      | Noticed Sigmund
  4333 | D:5      | Killed Sigmund
  4334 | D:5      | Reached XP level 8. HP: 63/63 MP: 7/7
  4336 | D:5      | Found a stormy altar of Qazlal.
  4353 | D:5      | Found a large runed translucent door.
  4353 | D:5      | Found a large runed translucent door.
  4355 | D:5      | Noticed Darakai's ghost (novice OpVM)
  4652 | D:6      | Reached *** piety under Hepliaklqana
  4818 | D:6      | Found a staircase to the Ecumenical Temple.
  5207 | D:6      | Found an opulent altar of Gozag.
  5243 | D:6      | You fall into a shaft and drop 2 floors!
  5284 | D:8      | Reached XP level 9. HP: 16/72 MP: 8/8
  5413 | D:8      | Reached skill level 5 in Shields
  5651 | D:7      | Found a flagged portal.
  5712 | Bailey   | Entered a bailey
  5836 | Bailey   | Identified the +7 flail "Ghoul's Regret" {freeze, +Blink
                  | rPois rC+ Dex-5}
  5838 | Bailey   | Slain by a spriggan

Illustrated notes

Levels and vault maps discovered:
D:1:      nagdon_arrival_double_spiral, layout_basic,
          hellmonk_ecumenical_altar_crossroads
D:2:      layout_basic, uniq_jessica
D:3:      layout_basic, grunt_dithmenos_smoke_and_mirrors,
          mainiacjoe_overflow_small_starburst
D:4:      layout_basic, mainiacjoe_overflow_boulevard, gammafunk_ghost_mausoleum
D:5:      wander_river, layout_loops_ring, nicolae_qazlal_scattered_showers,
          ebering_ghost_disaster_area, uniq_sigmund
D:6:      minmay_clustersquares, layout_cave_pools, nicolae_gozag_seed_capital,
          minmay_temple_entry_grid
D:7:      minmay_the_grid_octo_tiled_squarecenter
          [minmay_the_grid_octo_checkered, minmay_the_grid_octo_pinwheel,
          minmay_the_grid_octo_vomiting_pacman, minmay_the_grid_octo_odd_swirl,
          minmay_the_grid_square_5x5_megaprize_hollow,
          minmay_the_grid_square_5x5_percent,
          minmay_the_grid_square_5x5_broken_cross,
          minmay_the_grid_square_5x5_sharp_hourglass,
          minmay_the_grid_square_5x5_tri_point], layout_basic,
          lemuel_doored_altar, tgw_trog, enter_bailey_3, dk_noncrumbling_3
D:8:      layout_rooms
Bailey:   bailey_polearm_enchanted_keep_hellmonk, bailey

Skill      XL: |  1  2  3  4  5  6  7  8  9 |
---------------+----------------------------+-----
Fighting       | 4 5 6 7 8 |  8.8
Unarmed Combat | 3 4 5 6 7 8 |  8.4
Shields        | 1 2 3 4 5 |  5.8
Throwing       | 2 |  2.0
Dodging        | |  1.7
Stealth        | |  5.5

Action                   |  1- 3 |  4- 6 |  7- 9 || total
-------------------------+-------+-------+-------++-------
Melee: Unarmed           |    79 |    79 |   101 ||   259
       Punch             |     1 |     1 |       ||     2
Throw: Boomerang         |       |     6 |    21 ||    27
       Dart              |       |       |    39 ||    39
Invok: Ancestor Identity |     1 |       |       ||     1
       Ancestor Life: Ba |       |     1 |       ||     1
       Recall Ancestor   |       |       |     1 ||     1
  Use: Scroll            |       |     1 |     9 ||    10
       Potion            |       |       |     2 ||     2
 Stab: Sleeping          |     7 |     7 |     2 ||    16
       Distracted        |       |       |     2 ||     2
Armor: Leather armour    |    20 |    34 |    38 ||    92
Dodge: Dodged            |    36 |    38 |    36 ||   110
Block: Buckler           |       |     5 |     3 ||     8
       Tower shield      |       |       |    89 ||    89
